 Dungeon Crawl Stone Soup version 0.23-a0-417-gf02c810438 (console) character file.

166 Gottschkopf the Changer (level 5, 0/36 HPs)
             Began as a Draconian Transmuter on Nov 10, 2018.
             Succumbed to an adder's poison
             ... on level 3 of the Dungeon.
             The game lasted 00:05:34 (2691 turns).

Gottschkopf the Changer (Draconian Transmuter)      Turns: 2691, Time: 00:05:34

Health: 0/36       AC:  6    Str: 13    XL:     5   Next: 22%
Magic:  5/8        EV: 12    Int: 14    God:
Gold:   86         SH:  0    Dex: 11    Spells: 4/8 levels left

rFire    . . .     SeeInvis .     - Unarmed
rCold    . . .     Gourm    .   (no shield)
rNeg     . . .     Faith    .   (armour unavailable)
rPois    .         Spirit   .   (helmet restricted)
rElec    .         Reflect  .   (no cloak)
rCorr    .         Harm     .   i - +0 pair of gloves
MR       .....                  (no boots)
Stlth    +.........             (no amulet)
HPRegen  0.12/turn              (no ring)
MPRegen  0.11/turn              (no ring)

@: lethally poisoned (0 -> -5), appendage, very slightly contaminated, invisible
A: unfitting armour, horns 2, blurry vision 1, frail 1, cold-blooded, MP-powered
wands, AC +5
a: End Transformation


You were on level 3 of the Dungeon.
You were not hungry.
You had grown temporary horns.
You visited 1 branch of the dungeon, and saw 4 of its levels.

You collected 86 gold pieces.

Inventory:

Missiles
 a - 36 arrows
Armour
 i - a +0 pair of gloves (worn)
Wands
 l - a wand of acid (9)
Scrolls
 b - 2 scrolls of identify {unknown}
 d - 3 scrolls of magic mapping {unknown}
 e - 3 scrolls of teleportation {unknown}
 g - 3 scrolls of remove curse {unknown}
 n - 2 scrolls of fear {unknown}
Potions
 j - a potion of flight {unknown}
 k - a potion of lignification {unknown}
 m - a potion of magic {unknown}
 o - a potion of cancellation {unknown}
Comestibles
 c - 4 rations


   Skills:
 - Level 1.1 Fighting
 - Level 1.7 Dodging
 - Level 3.0 Unarmed Combat
 - Level 2.0 Spellcasting
 + Level 5.5 Transmutations


You had 4 spell levels left.
You knew the following spells:

 Your Spells              Type           Power        Failure   Level  Hunger
a - Beastly Appendage     Tmut           ###...       2%          1    ##.....
b - Spider Form           Tmut/Pois      #.........   22%         3    ####...

Your spell library contained the following spells:

 Spells                   Type           Power        Failure   Level  Hunger
 Sticks to Snakes         Tmut           ###.....     3%          2    ###....
 Ice Form                 Ice/Tmut       #.......     58%         4    #####..
 Blade Hands              Tmut           ###.......   56%         5    ######.


Dungeon Overview and Level Annotations

Branches:
Dungeon (4/15)
 Temple: D:4-7

Altars:
Elyvilon
Gozag
Vehumet
Zin


Innate Abilities, Weirdness & Mutations

Your plain brown scales are hard. (AC +5)
You cannot fit into any form of body armour.
You are cold-blooded and may be slowed by cold attacks.
You have a pair of horns on your head.
Scrolls take you a little longer to read.
You are frail. (-10% HP)
You expend magic power (3 MP) to strengthen your wands.


Message History

* * * LOW HITPOINT WARNING * * *
You climb upwards.
There is a stone staircase leading down here.
Casting: Spider Form (safe; 22% risk of failure)
Confirm with . or Enter, or press ? or * to list all spells.
You grow a pair of large bovine horns.
The adder bites you but does no damage.
Unknown command.
You barely miss the adder. The adder bites you.
* * * LOW HITPOINT WARNING * * *
You are lethally poisoned!
The adder poisons you! The adder completely misses you.
It was a potion of invisibility.
You fade into invisibility!
* * * LOW HITPOINT WARNING * * *
You feel sick. The adder barely misses you.
You are very lightly contaminated with residual magic.
It was a potion of mutation.
You feel extremely strange.
Your vision blurs.
You feel frail.
You feel your magical essence link to your wands.
You die...

#................................
.................................
................................#
..................#.............#
..............##.#..............#
...####..........#.#............#
.................#.#............#
...............S.###............#
................@...............#
................###.............#
.................................
.................#...............
......................#'###......
................#.........#......
................#.........#......
..........................#......
.............#...#........#......


You could see an adder.

Vanquished Creatures
  A crimson imp (D:3)
  An orc priest (D:4)
  6 adders
  An ooze (D:2)
  A worm (D:2)
  A dart slug (D:3)
  A leopard gecko (D:2)
  2 orcs (D:4)
  3 giant cockroaches
  4 hobgoblins
  7 bats
  4 frilled lizards
  6 goblins
  3 kobolds
  11 rats
52 creatures vanquished.

Notes
Turn   | Place    | Note
-------+----------+-------------------------------------------
     0 | D:1      | Gottschkopf the Draconian Transmuter began the quest for
                  | the Orb.
     0 | D:1      | Reached XP level 1. HP: 16/16 MP: 3/3
   169 | D:1      | Reached XP level 2. HP: 19/23 MP: 3/5
   541 | D:1      | Reached skill level 3 in Transmutations
   793 | D:2      | Reached XP level 3. HP: 5/28 MP: 4/6
   806 | D:2      | Learned a level 3 spell: Spider Form
  1204 | D:2      | Found a white marble altar of Elyvilon.
  1337 | D:2      | Reached skill level 4 in Transmutations
  1729 | D:2      | Reached XP level 4. HP: 34/35 MP: 5/7
  1730 | D:2      | Found an opulent altar of Gozag.
  1736 | D:2      | Found a radiant altar of Vehumet.
  1806 | D:2      | Found a glowing silver altar of Zin.
  2476 | D:3      | Reached skill level 5 in Transmutations
  2669 | D:4      | Reached XP level 5. HP: 34/40 MP: 4/8
  2689 | D:3      | HP: 2/40 [adder (5)]
  2691 | D:3      | Gained mutation: Scrolls take you a little longer to read.
                  | [potion of mutation]
  2691 | D:3      | Gained mutation: You are frail. (-10% HP) [potion of
                  | mutation]
  2691 | D:3      | Gained mutation: You expend magic power (3 MP) to
                  | strengthen your wands. [potion of mutation]
  2691 | D:3      | Succumbed to an adder's poison

Vault maps used:
D:1:      lightli_arrival_boilingwater, chequers_serial_rivers_marsh
D:2:      minitemple, zin_statuary, first_ration, elyvilon_altar_5
D:3:      chequers_serial_rivers_micro_d, solitary_fountain
D:4:      overflow_temple_1_default, minmay_temple_entry_glassed_door,
          minmay_misc_feat_plants, uniq_sigmund

Skill      XL: |  1  2  3  4 |
---------------+-------------+-----
Transmutations | 3 4 5 |  5.5
Fighting       | |  1.1
Dodging        | |  1.7
Unarmed Combat | |  3.0
Spellcasting   | |  2.0

Action                   |  1- 3 |  4- 6 || total
-------------------------+-------+-------++-------
Melee: Unarmed           |   103 |   101 ||   204
       Headbutt          |     5 |     7 ||    12
       Kick              |     8 |     4 ||    12
       Tailslap          |     4 |     2 ||     6
       Punch             |     1 |     4 ||     5
 Cast: Beastly Appendage |    27 |    18 ||    45
       Spider Form       |     1 |     2 ||     3
  Use: Potion            |     1 |     2 ||     3
  Eat: Chunk             |     3 |     4 ||     7
Armor: Skin              |    29 |    34 ||    63
Dodge: Dodged            |    70 |    70 ||   140

Table legend:
 A = Non-vault XP
 B = Vault XP
 C = Vault XP percentage of total XP
 D = Non-vault monster count
 E = Vault monster count
 F = Vault count percentage of total count
                 A         B        C        D         E       F
            +---------+---------+-------+---------+---------+-------
      Total |     238 |       0 |   0.0 |      52 |       0 |   0.0
            +---------+---------+-------+---------+---------+-------
        D:1 |      27 |       0 |   0.0 |      21 |       0 |   0.0
        D:2 |      84 |       0 |   0.0 |      18 |       0 |   0.0
        D:3 |      81 |       0 |   0.0 |      10 |       0 |   0.0
        D:4 |      46 |       0 |   0.0 |       3 |       0 |   0.0
            +---------+---------+-------+---------+---------+-------
